Map: King's Cove LE

Players

ShoWTimE - Winner!

  • Race: Protoss Protoss
  • Spawn Location: 5:00

Nerchio

  • Race: Zerg Zerg
  • Spawn Location: 11:00

Event: 2019 WCS Summer

VOD

Have the link to the VOD?

Description

Time

  • Played on: July 12, 2019, 7:02 a.m.
  • Length: 13:15

All games in this series

Show
View Real Time Build Order
Export as new Build Order

ShoWTimE Protoss - Winner!

Build Orders: 1 Gate Expand, Oracle Opening, Phoenix Opening 

Get SALT Encoding   

  12  0:00  Probe  
  13  0:12  Probe  
  14  0:18  Pylon  
  14  0:24  Probe  
  15  0:32  Probe  
  15  0:38  Gateway  
  15  0:40  Probe  
  16  0:47  Assimilator  
  17  0:51  Probe  
  18  1:03  Probe  
  19  1:15  Probe  
  20  1:26  Nexus  
  20  1:29  Probe  
  21  1:40  Cybernetics Core  
  21  1:43  Probe  
  22  1:49  Assimilator  
  22  1:56  Pylon  
  22  1:58  Probe  
  23  2:06  Adept  
  23  2:14  Probe  
  24  2:21  Stargate  
  26  2:26  Probe  
  26  2:27  Warp Gate  
  27  2:34  Probe  
  27  2:35  Probe  
  27  2:36  Adept  
  29  2:43  Probe x2  
  33  2:52  Probe  
  33  2:53  Probe  
  35  2:59  Phoenix  
  35  3:04  Probe  
  35  3:05  Probe  
  39  3:16  Probe, Oracle  
  39  3:17  Probe  
  41  3:22  Pylon  
  44  3:28  Probe  
  44  3:29  Probe  
  44  3:30  Gateway  
  46  3:40  Assimilator  
  46  3:41  Probe x2  
  47  3:43  Assimilator  
  47  3:46  Oracle  
  47  3:47  Pylon  
  48  3:53  Probe x2  
  53  4:05  Probe x2  
  53  4:09  Robotics Facility  
  55  4:13  Pylon  
  55  4:15  Oracle  
  55  4:17  Probe x2  
  60  4:29  Adept  
  62  4:43  Pylon  
  62  4:46  Nexus  
  62  4:47  Immortal  
  62  4:49  Probe x2  
  64  4:57  Sentry  
  70  5:01  Pylon  
  70  5:02  Sentry, Shield Battery  
  70  5:03  Probe x2  
  74  5:12  Forge  
  74  5:13  Twilight Council  
  74  5:18  Probe x2  
  76  5:22  Adept  
  76  5:25  Adept  
  80  5:31  Probe x2  
  82  5:36  Immortal  
  79  5:42  Nexus  
  79  5:44  Sentry  
  79  5:48  Pylon  
  85  5:50  Charge  
  85  5:53  Pylon  
  85  5:59  Probe  
  85  6:01  Gateway  
  86  6:04  Protoss Ground Weapons Level 1  
  86  6:06  Probe  
  86  6:08  Sentry x2  
  90  6:11  Probe  
  90  6:15  Gateway  
  90  6:18  Observer, Probe  
  93  6:23  Probe  
  94  6:30  Probe, Warp Prism  
  95  6:35  Probe, Pylon  
  95  6:37  Gateway  
  98  6:41  Gateway  
  98  6:42  Sentry, Probe  
  99  6:48  Probe  
  100  6:54  Probe  
  100  6:56  Templar Archives  
  100  6:57  Probe  
  100  6:58  Pylon  
  100  7:00  Probe  
  103  7:06  Probe  
  104  7:08  Zealot x2  
  104  7:09  Zealot, Probe  
  104  7:11  Assimilator  
  104  7:12  Probe  
  104  7:15  Assimilator  
  112  7:19  Probe  
  112  7:22  Probe  
  114  7:24  Probe  
  114  7:28  Immortal  
  111  7:31  Probe  
  112  7:37  Psionic Storm  
  112  7:38  Gateway  
  112  7:41  Gateway  
  116  7:45  Gateway  
  116  7:47  Gateway  
  116  7:49  Photon Cannon  
  116  7:51  Protoss Ground Weapons Level 2  
  116  7:58  High Templar  
  116  8:03  Nexus  
  116  8:05  High Templar x3, Pylon  
  124  8:08  Pylon  
  124  8:12  High Templar  
  126  8:19  Photon Cannon  
  126  8:21  Photon Cannon x2  
  126  8:28  High Templar  
  126  8:32  Photon Cannon  
  126  8:33  Photon Cannon, Probe x3  
  131  8:34  Zealot x2  
  131  8:35  Photon Cannon  
  131  8:39  Zealot x2  
  139  8:49  Probe x3, Pylon  
  139  8:51  Assimilator  
  142  8:56  Assimilator  
  142  9:00  High Templar x3  
  148  9:06  Pylon  
  148  9:11  Stalker x3  
  148  9:12  Stalker  
  156  9:18  Pylon  
  156  9:21  Archon  
  156  9:22  High Templar  
  158  9:25  Warp Prism  
  158  9:27  Archon  
  158  9:35  Gateway  
  160  9:38  Stalker, Gateway  
  160  9:41  Pylon  
  160  9:43  Zealot  
  162  9:47  Zealot x6  
  162  9:51  Fleet Beacon  
  162  9:52  Stargate  
  174  9:56  Shield Battery  
  174  10:01  High Templar  
  174  10:03  Pylon  
  174  10:06  High Templar  
  178  10:13  Archon  
  175  10:14  Immortal  
  175  10:17  Zealot x5  
  187  10:29  High Templar x2  
  169  10:43  Zealot x3  
  169  10:45  Archon x2  
  169  10:46  Zealot x5  
  151  11:04  Photon Cannon, Immortal  
  151  11:05  Photon Cannon  
  151  11:06  High Templar x9  
  151  11:10  Archon x3  
  163  11:19  Mothership  
  163  11:21  Photon Cannon  
  163  11:23  Shield Battery  
  163  11:29  Nexus  
  163  11:31  Pylon  
  163  11:32  High Templar  
  163  11:37  Observer  
  163  11:39  Pylon  
  166  11:52  Photon Cannon  
  166  11:53  Photon Cannon  
  172  11:54  Shield Battery  
  172  11:57  Photon Cannon  
  172  11:59  Shield Battery  
  172  12:02  Zealot x8  
  172  12:07  Tempest  
  193  12:13  Tempest  
  198  12:21  Stargate  
  198  12:34  Gateway  
  190  12:37  Gateway  
  176  12:58  High Templar x5  
  172  13:04  Archon  
  172  13:05  Zealot x5, Archon  
Show
View Real Time Build Order
Export as new Build Order

Nerchio Zerg 

Build Orders: Hatch First 

Get SALT Encoding   

  12  0:00  Drone  
  13  0:12  Overlord  
  13  0:18  Drone  
  14  0:30  Drone  
  14  0:31  Drone  
  16  0:50  Hatchery  
  16  0:53  Drone  
  16  0:56  Drone  
  17  0:59  Drone  
  18  1:12  Extractor  
  18  1:15  Spawning Pool  
  16  1:19  Drone  
  16  1:23  Drone  
  18  1:29  Drone  
  19  1:39  Drone  
  20  1:49  Overlord  
  20  2:02  Queen x2  
  20  2:05  Zergling x4  
  26  2:14  Metabolic Boost  
  26  2:16  Drone  
  26  2:18  Drone  
  28  2:23  Drone  
  28  2:25  Drone  
  30  2:38  Drone x2  
  32  2:48  Hatchery  
  32  2:50  Drone  
  32  2:55  Overlord  
  32  3:02  Queen  
  34  3:09  Drone x2  
  36  3:14  Evolution Chamber  
  36  3:15  Drone x2  
  36  3:19  Drone  
  37  3:20  Drone  
  37  3:22  Drone  
  37  3:26  Drone  
  40  3:30  Overlord  
  40  3:33  Overlord  
  40  3:38  Drone  
  40  3:41  Zerg Melee Weapons Level 1  
  41  3:45  Queen  
  43  3:52  Drone x3  
  43  3:53  Drone  
  47  3:55  Spore Crawler  
  47  3:58  Spore Crawler  
  47  4:00  Drone  
  47  4:02  Drone  
  47  4:05  Drone  
  47  4:06  Drone  
  49  4:13  Drone x4  
  49  4:17  Overlord  
  53  4:22  Drone, Spore Crawler  
  53  4:23  Drone  
  54  4:25  Drone  
  54  4:27  Overlord  
  54  4:29  Zergling x2  
  54  4:30  Zergling x2  
  57  4:35  Queen  
  59  4:40  Zergling x6  
  59  4:44  Lair  
  62  4:47  Zergling x4  
  62  4:48  Zergling x2  
  62  4:52  Zergling x4  
  67  4:58  Overlord  
  67  5:02  Extractor  
  67  5:05  Drone, Overlord  
  67  5:06  Drone x6  
  73  5:11  Overlord  
  73  5:12  Baneling Nest  
  73  5:13  Overlord  
  72  5:20  Extractor  
  71  5:24  Zergling x12  
  73  5:33  Drone x8  
  70  5:40  Drone x2  
  70  5:42  Drone  
  68  5:46  Drone  
  69  5:51  Drone  
  69  5:54  Drone  
  69  5:55  Zerg Melee Weapons Level 2  
  72  5:57  Drone  
  72  6:00  Drone x3, Extractor  
  73  6:04  Drone  
  73  6:07  Hydralisk Den, Drone  
  73  6:09  Drone  
  73  6:15  Hatchery  
  70  6:20  Zergling x8  
  70  6:26  Zergling x10  
  70  6:27  Zergling x2  
  75  6:35  Zergling x2  
  75  6:37  Zergling x6  
  79  6:42  Zergling x10  
  84  6:47  Drone x2  
  84  6:48  Drone  
  84  6:49  Drone x3  
  84  6:50  Centrifical Hooks  
  90  6:56  Grooved Spines  
  90  6:59  Zergling x2  
  90  7:00  Zergling x2  
  90  7:02  Baneling x2  
  90  7:03  Baneling x8  
  90  7:05  Zergling x2  
  91  7:10  Zergling x12  
  97  7:17  Overlord x2  
  96  7:27  Drone x3  
  96  7:28  Drone x3  
  101  7:32  Drone  
  101  7:34  Drone  
  101  7:36  Drone  
  104  7:40  Drone  
  105  7:44  Drone  
  105  7:45  Drone x3  
  105  7:46  Drone  
  105  7:47  Extractor  
  109  7:52  Overseer  
  109  7:54  Pneumatized Carapace  
  109  7:57  Hydralisk x4  
  117  8:02  Hydralisk  
  119  8:06  Extractor  
  119  8:07  Overlord  
  119  8:08  Overlord x3  
  119  8:09  Overlord  
  119  8:12  Zerg Missile Weapons Level 1  
  118  8:23  Hydralisk, Hatchery  
  119  8:29  Hydralisk  
  119  8:30  Hydralisk x4  
  129  8:35  Hydralisk  
  129  8:38  Muscular Augments  
  131  8:42  Zergling x8  
  131  8:43  Zergling x2  
  131  8:47  Zergling x6  
  139  8:53  Hydralisk x3  
  145  8:55  Hydralisk  
  145  9:01  Hydralisk x2  
  151  9:06  Overlord  
  151  9:07  Overlord  
  152  9:10  Zergling x10  
  152  9:14  Zergling x8  
  160  9:19  Overlord x2  
  160  9:20  Overlord  
  161  9:31  Zergling x20  
  161  9:33  Baneling x4  
  161  9:34  Baneling  
  161  9:35  Baneling x2  
  161  9:37  Baneling x5  
  161  9:38  Baneling  
  170  9:39  Baneling x2  
  170  9:44  Zergling x8  
  170  9:45  Zergling x2  
  175  9:49  Baneling  
  175  9:50  Baneling x8  
  175  9:51  Baneling x2  
  175  9:54  Baneling x6  
  175  9:55  Baneling x2  
  175  10:07  Baneling x20  
  175  10:08  Baneling  
  174  10:18  Zergling x2  
  174  10:20  Baneling x7  
  174  10:21  Zergling x18  
  167  10:33  Zergling x22  
  144  10:44  Hydralisk x5  
  144  10:47  Hydralisk x2  
  122  10:50  Hydralisk  
  122  10:55  Hydralisk x2  
  127  10:59  Hydralisk  
  127  11:00  Hydralisk  
  127  11:02  Hydralisk  
  127  11:03  Hydralisk  
  124  11:06  Hydralisk  
  125  11:14  Hydralisk  
  125  11:15  Hydralisk  
  125  11:16  Hydralisk  
  131  11:20  Extractor  
  130  11:27  Zergling x20  
  140  11:35  Zergling x2  
  140  11:36  Zergling x10  
  140  11:39  Zergling x2  
  149  11:40  Zergling x6  
  149  11:41  Zergling x2  
  149  11:43  Zergling x2  
  152  11:47  Zergling x8  
  152  11:49  Zergling x2  
  152  11:50  Zergling x2  
  152  11:53  Baneling x5  
  152  11:54  Baneling x2  
  157  11:55  Baneling  
  157  11:59  Zergling x8  
  161  12:03  Baneling x5  
  161  12:04  Baneling x2  
  161  12:05  Baneling  
  161  12:06  Baneling x2  
  161  12:07  Baneling x2  
  161  12:08  Baneling  
  161  12:09  Baneling x2  
  161  12:15  Baneling x9  
  161  12:16  Baneling x2  
  161  12:17  Baneling  
  161  12:18  Baneling  
  161  12:22  Baneling x7  
  156  12:31  Drone x2  
  154  12:37  Zergling x18  
  154  12:38  Zergling x2  
  154  12:44  Zergling x8  
  159  12:46  Baneling x4  
Tags
 
Add a new tag
Caveats
  • Supply blocks, unpowered buildings, or Contaminate may cause inaccurate times.
  • Supply counts are checked every 10 seconds.